[ AOE2 MATCH · #508071907 ]
UnrankedBritons vs Berbers
Player's team · WIN
Rival team · LOSS
[ REPLAY ANALYSIS · EXTRACTED FROM THE RECORDED GAME ]
Feudal
—
Castle
—
Imperial
—
| APM avg | 35.9 |
| APM peak | 69 |
| eAPM avg | 21.4 |
| Villagers / military | 172 / 140 |
Focus
⚔️ 33.9% · 🌾 66.1%
Spearman ×110 · Longbowman ×17 · Mangonel ×9 · Trebuchet (Packed) ×4 · Trade Cart ×1
Feudal
—
Castle
—
Imperial
—
| APM avg | 31.0 |
| APM peak | 74 |
| eAPM avg | 13.9 |
| Villagers / military | 117 / 167 |
Focus
⚔️ 25.5% · 🌾 74.5%
Knight ×78 · Archer ×52 · Genitour ×20 · Battering Ram ×12 · Monk ×2 · Trebuchet (Packed) ×2
Match map
Initial resources + every placement click. Lines = walls · curves = elevation contours. ◆ gold · ⬟ stone · ● berries · ✦ relic · ◌ wall gap
Your base· ✓ Closed at 13:04 · 0t walls · 2 gate(s)
Doffy's base· ✓ Closed at 12:48 · 0t walls · 2 gate(s)
Smoothed initial terrain · ◌ = detected wall gap · hover for details
Inputs per minute
— fidelon33 - - Doffy
Build order — fidelon33
First 150 of 463 actions detected
| 0:01 | Queue | Villager (Male) |
| 0:01 | Queue | Villager (Male) |
| 0:02 | Queue | Villager (Male) |
| 0:02 | Queue | Villager (Male) |
| 0:04 | Build | House |
| 0:06 | Build | House |
| 1:25 | Queue | Villager (Male) |
| 1:25 | Queue | Villager (Male) |
| 1:25 | Queue | Villager (Male) |
| 1:46 | Build | Lumber Camp |
| 1:57 | Queue | Villager (Male) |
| 1:57 | Queue | Villager (Male) |
| 2:18 | Queue | Villager (Male) |
| 2:18 | Queue | Villager (Male) |
| 2:19 | Queue | Villager (Male) |
| 2:37 | Queue | Villager (Male) |
| 2:38 | Queue | Villager (Male) |
| 2:38 | Queue | Villager (Male) |
| 2:43 | Queue | Villager (Male) |
| 2:43 | Queue | Villager (Male) |
| 2:44 | Queue | Villager (Male) |
| 3:11 | Queue | Villager (Male) |
| 3:11 | Queue | Villager (Male) |
| 3:11 | Queue | Villager (Male) |
| 3:23 | Queue | Villager (Male) |
| 3:23 | Queue | Villager (Male) |
| 3:50 | Build | House |
| 3:51 | Build | House |
| 4:09 | Queue | Villager (Male) |
| 4:09 | Queue | Villager (Male) |
| 4:10 | Queue | Villager (Male) |
| 4:10 | Queue | Villager (Male) |
| 4:25 | Build | Mill |
| 4:36 | Build | House |
| 4:45 | Queue | Villager (Male) |
| 4:46 | Queue | Villager (Male) |
| 4:46 | Queue | Villager (Male) |
| 4:46 | Queue | Villager (Male) |
| 5:37 | Queue | Villager (Male) |
| 5:52 | Queue | Villager (Male) |
| 6:47 | Queue | Villager (Male) |
| 7:25 | Queue | Villager (Male) |
| 7:52 | Queue | Villager (Male) |
| 8:11 | Queue | Villager (Male) |
| 8:26 | Queue | Villager (Male) |
| 8:51 | Queue | Villager (Male) |
| 8:59 | Queue | Villager (Male) |
| 9:00 | Research | Feudal Age |
| 9:14 | Build | Farm |
| 9:17 | Build | Farm |
| 9:20 | Build | Farm |
| 9:25 | Build | Farm |
| 9:30 | Build | Farm |
| 9:34 | Build | Mining Camp |
| 10:07 | Build | Farm |
| 10:10 | Build | Farm |
| 10:12 | Build | Farm |
| 10:20 | Build | Farm |
| 10:24 | Build | Farm |
| 10:44 | Build | Farm |
| 10:52 | Queue | Villager (Male) |
| 10:53 | Queue | Villager (Male) |
| 12:14 | Build | Market |
| 12:18 | Build | Blacksmith |
| 13:04 | Research | Castle Age |
| 13:04 | Research | Castle Age |
| 13:10 | Build | Mining Camp |
| 14:06 | Research | Double-Bit Axe |
| 14:08 | Research | Horse Collar |
| 14:28 | Build | House |
| 14:30 | Build | House |
| 14:34 | Queue | Villager (Male) |
| 14:35 | Queue | Villager (Male) |
| 15:14 | Queue | Villager (Male) |
| 15:51 | Build | Town Center |
| 15:54 | Build | Town Center |
| 16:23 | Queue | Villager (Male) |
| 16:57 | Queue | Villager (Male) |
| 16:57 | Queue | Villager (Male) |
| 17:00 | Queue | Villager (Male) |
| 17:05 | Queue | Villager (Male) |
| 17:05 | Queue | Villager (Male) |
| 17:28 | Queue | Villager (Male) |
| 17:39 | Queue | Villager (Male) |
| 17:42 | Queue | Villager (Male) |
| 17:46 | Queue | Villager (Male) |
| 17:54 | Build | Farm |
| 17:57 | Build | Farm |
| 18:04 | Queue | Villager (Male) |
| 18:04 | Queue | Villager (Male) |
| 18:05 | Queue | Villager (Male) |
| 18:05 | Queue | Villager (Male) |
| 18:05 | Queue | Villager (Male) |
| 18:05 | Queue | Villager (Male) |
| 18:05 | Queue | Villager (Male) |
| 18:06 | Queue | Villager (Male) |
| 18:06 | Queue | Villager (Male) |
| 18:08 | Research | Bow Saw |
| 18:11 | Research | Heavy Plow |
| 18:21 | Build | House |
| 18:23 | Build | House |
| 18:35 | Research | Town Watch |
| 18:39 | Research | Loom |
| 18:42 | Research | Wheelbarrow |
| 19:02 | Queue | Villager (Male) |
| 19:03 | Queue | Villager (Male) |
| 19:04 | Queue | Villager (Male) |
| 19:14 | Build | Siege Workshop |
| 19:27 | Build | Farm |
| 19:28 | Build | Farm |
| 19:30 | Build | Farm |
| 19:31 | Build | Farm |
| 19:32 | Build | Farm |
| 19:35 | Build | Farm |
| 19:39 | Queue | Villager (Male) |
| 19:39 | Queue | Villager (Male) |
| 19:39 | Queue | Villager (Male) |
| 19:39 | Queue | Villager (Male) |
| 19:40 | Queue | Villager (Male) |
| 19:40 | Queue | Villager (Male) |
| 19:54 | Queue | Villager (Male) |
| 19:55 | Queue | Villager (Male) |
| 19:55 | Queue | Villager (Male) |
| 20:00 | Queue | Trade Cart |
| 20:00 | Queue | Villager (Male) |
| 20:00 | Queue | Villager (Male) |
| 20:01 | Queue | Villager (Male) |
| 20:01 | Queue | Villager (Male) |
| 20:04 | Build | Farm |
| 20:37 | Build | Castle |
| 20:42 | Build | Gate |
| 21:02 | Queue | Villager (Male) |
| 21:02 | Queue | Villager (Male) |
| 21:03 | Queue | Villager (Male) |
| 21:03 | Queue | Villager (Male) |
| 21:03 | Queue | Villager (Male) |
| 21:03 | Queue | Villager (Male) |
| 21:03 | Queue | Villager (Male) |
| 21:04 | Queue | Villager (Male) |
| 21:04 | Queue | Villager (Male) |
| 21:17 | Build | Gate |
| 21:44 | Queue | Longbowman |
| 21:44 | Queue | Longbowman |
| 21:44 | Queue | Longbowman |
| 21:45 | Queue | Longbowman |
| 21:55 | Queue | Mangonel |
| 21:55 | Queue | Mangonel |
| 21:55 | Queue | Mangonel |
| 22:02 | Build | House |
| 22:27 | Queue | Mangonel |
Build order — Doffy
First 150 of 314 actions detected
| 0:01 | Queue | Villager (Male) |
| 0:01 | Queue | Villager (Male) |
| 0:01 | Queue | Villager (Male) |
| 0:02 | Build | House |
| 0:04 | Build | House |
| 0:15 | Queue | Villager (Male) |
| 0:15 | Queue | Villager (Male) |
| 1:22 | Queue | Villager (Male) |
| 1:23 | Queue | Villager (Male) |
| 1:49 | Build | Lumber Camp |
| 1:59 | Queue | Villager (Male) |
| 1:59 | Queue | Villager (Male) |
| 1:59 | Queue | Villager (Male) |
| 2:17 | Queue | Villager (Male) |
| 2:17 | Queue | Villager (Male) |
| 2:53 | Queue | Villager (Male) |
| 2:54 | Queue | Villager (Male) |
| 3:05 | Queue | Villager (Male) |
| 3:05 | Queue | Villager (Male) |
| 3:05 | Queue | Villager (Male) |
| 3:41 | Queue | Villager (Male) |
| 3:41 | Queue | Villager (Male) |
| 4:09 | Queue | Villager (Male) |
| 4:09 | Queue | Villager (Male) |
| 4:10 | Queue | Villager (Male) |
| 4:16 | Build | House |
| 4:32 | Queue | Villager (Male) |
| 4:33 | Queue | Villager (Male) |
| 4:33 | Queue | Villager (Male) |
| 4:36 | Queue | Villager (Male) |
| 4:36 | Queue | Villager (Male) |
| 5:17 | Queue | Villager (Male) |
| 5:30 | Build | House |
| 5:40 | Queue | Villager (Male) |
| 5:41 | Queue | Villager (Male) |
| 6:02 | Queue | Villager (Male) |
| 6:13 | Queue | Villager (Male) |
| 6:22 | Queue | Villager (Male) |
| 7:11 | Build | Mining Camp |
| 7:18 | Queue | Villager (Male) |
| 8:03 | Queue | Villager (Male) |
| 8:03 | Queue | Villager (Male) |
| 8:04 | Queue | Villager (Male) |
| 8:11 | Build | House |
| 8:24 | Build | Mill |
| 8:32 | Build | Mill |
| 9:01 | Research | Feudal Age |
| 9:33 | Queue | Villager (Male) |
| 9:49 | Build | House |
| 9:57 | Build | House |
| 9:59 | Build | House |
| 11:30 | Build | Market |
| 11:34 | Build | Blacksmith |
| 11:35 | Queue | Villager (Male) |
| 12:48 | Research | Castle Age |
| 13:05 | Research | Double-Bit Axe |
| 13:23 | Build | House |
| 13:32 | Build | Barracks |
| 13:46 | Research | Horse Collar |
| 13:59 | Build | Farm |
| 14:14 | Build | Farm |
| 14:19 | Build | Farm |
| 14:24 | Build | Farm |
| 14:52 | Build | Stable |
| 14:56 | Queue | Villager (Male) |
| 15:06 | Build | Farm |
| 15:28 | Build | Farm |
| 15:31 | Build | Farm |
| 15:32 | Queue | Villager (Male) |
| 15:35 | Build | Farm |
| 15:45 | Build | Farm |
| 15:54 | Queue | Knight |
| 15:57 | Build | Farm |
| 16:05 | Build | Farm |
| 16:07 | Queue | Villager (Male) |
| 16:21 | Build | Farm |
| 16:29 | Build | Farm |
| 16:32 | Queue | Knight |
| 16:51 | Queue | Knight |
| 16:53 | Queue | Villager (Male) |
| 17:06 | Queue | Knight |
| 17:08 | Queue | Villager (Male) |
| 17:19 | Queue | Villager (Male) |
| 17:24 | Queue | Villager (Male) |
| 17:39 | Build | Siege Workshop |
| 17:46 | Queue | Knight |
| 17:56 | Queue | Villager (Male) |
| 18:13 | Queue | Knight |
| 18:15 | Build | House |
| 18:20 | Build | House |
| 18:27 | Build | House |
| 18:36 | Research | Bow Saw |
| 18:47 | Queue | Villager (Male) |
| 18:53 | Research | Loom |
| 18:53 | Queue | Villager (Male) |
| 18:58 | Queue | Battering Ram |
| 19:02 | Queue | Knight |
| 19:08 | Queue | Villager (Male) |
| 19:21 | Build | House |
| 19:22 | Queue | Villager (Male) |
| 19:41 | Build | Farm |
| 19:41 | Build | Farm |
| 19:41 | Build | Farm |
| 19:41 | Build | Farm |
| 19:42 | Build | Farm |
| 19:42 | Build | Farm |
| 19:42 | Build | Farm |
| 19:42 | Build | Farm |
| 19:44 | Queue | Villager (Male) |
| 20:03 | Build | House |
| 20:11 | Queue | Villager (Male) |
| 20:26 | Build | House |
| 20:34 | Queue | Villager (Male) |
| 21:07 | Queue | Villager (Male) |
| 21:10 | Build | House |
| 21:15 | Queue | Battering Ram |
| 21:15 | Queue | Battering Ram |
| 21:19 | Research | Bloodlines |
| 21:23 | Research | Scale Barding Armor |
| 21:30 | Build | House |
| 21:39 | Queue | Villager (Male) |
| 21:39 | Queue | Villager (Male) |
| 21:44 | Build | House |
| 21:53 | Queue | Villager (Male) |
| 21:58 | Build | Farm |
| 22:04 | Queue | Knight |
| 22:37 | Queue | Villager (Male) |
| 22:41 | Build | House |
| 22:44 | Build | Stable |
| 23:17 | Research | Chain Barding Armor |
| 24:07 | Queue | Knight ×5 |
| 24:11 | Queue | Battering Ram |
| 24:11 | Queue | Battering Ram |
| 24:12 | Queue | Villager (Male) |
| 24:14 | Queue | Villager (Male) |
| 24:19 | Build | House |
| 24:21 | Build | House |
| 24:24 | Research | Gold Mining |
| 25:01 | Queue | Villager (Male) |
| 25:04 | Build | House |
| 25:21 | Build | Stable |
| 25:24 | Build | House |
| 25:26 | Queue | Villager (Male) |
| 25:32 | Build | Lumber Camp |
| 25:36 | Build | Farm |
| 25:36 | Build | Farm |
| 25:36 | Build | Farm |
| 25:36 | Build | Farm |
| 25:37 | Build | Farm |
| 25:37 | Build | Farm |
Match timeline
| 12:29 | Doffy · first_market_buy 100 food |
| 12:43 | Doffy · first_market_sell 100 wood |
| 13:32 | Doffy · first_building Barracks |
| 14:52 | Doffy · first_building Stable |
| 17:39 | Doffy · first_building Siege Workshop |
| 19:14 | fidelon33 · first_building Siege Workshop |
| 19:59 | fidelon33 · first_market_buy 100 food |
| 20:37 | fidelon33 · first_building Castle |
| 23:32 | fidelon33 · wall_segment Stone Wall x1 |
| 24:24 | fidelon33 · wall_segment Stone Wall x1 |
| 28:45 | fidelon33 · first_building Barracks |
| 35:02 | Doffy · first_building Monastery |
| 36:38 | Doffy · first_building Archery Range |
| 40:35 | Doffy · first_building Castle |
| 43:12 | Doffy · resign |
[ AI ANALYSIS · 1 CREDIT ]
What really happened in this match?
Wolo.gg analyzes every decision: build order, eco, micro, common mistakes by bracket. Personalized analysis on WhatsApp or Discord in 30 seconds.
Civ guide
Britons
Perfil
Jugador #13707220